 Dungeon Crawl Stone Soup version 0.18-a0-1800-gdc7a371 (webtiles) character file.

20 Murumi the Unweaver (level 3, -5/29 HPs)
             Began as a Formicid Abyssal Knight on Apr 24, 2016.
             Was a Follower of Lugonu.
             Slain by Terence
             ... wielding a +0 falchion
              (8 damage)
             ... on level 2 of the Dungeon.
             The game lasted 00:03:38 (1121 turns).

Murumi the Unweaver (Formicid Abyssal Knight)       Turns: 1121, Time: 00:03:39

Health: -5/29      AC:  3    Str: 17    XL:     3   Next: 0%
Magic:  5/5        EV: 11    Int: 11    God:    Lugonu [*.....]
Gold:   105        SH:  0    Dex: 10    Spells: 0 memorised, 2 levels left

rFire  . . .     SeeInvis +     a - +1 falchion
rCold  . . .     Gourm    .     b - +0 leather armour
rNeg   . . .     Faith    .     (no shield)
rPois  .         Spirit   .     (helmet unavailable)
rElec  .         Dismiss  .     (no cloak)
rCorr  .         Reflect  .     (no gloves)
SustAt .         Harm     .     (no boots)
MR     .....                    (no amulet)
Stlth  +.........               (no ring)
                                (no ring)

@: not resistant to hostile enchantments, very unstealthy
A: permanent stasis, dig shafts and tunnels, four strong arms, antennae 3
a: Dig, Shaft Self, Depart the Abyss, Renounce Religion


You were on level 2 of the Dungeon.
You worshipped Lugonu.
Lugonu was aware of your devotion.
You were not hungry.

You visited 1 branch of the dungeon, and saw 2 of its levels.
You visited the Abyss 1 time.

You collected 105 gold pieces.

Inventory:

Hand Weapons
 a - a +1 falchion (weapon)
Armour
 b - a +0 leather armour (worn)
Scrolls
 e - 2 scrolls of identify
 f - a scroll of fog
Comestibles
 c - a bread ration
 d - a chunk of flesh
 g - a royal jelly


   Skills:
 - Level 3.2 Fighting
 - Level 2.0 Long Blades
 - Level 2.1 Armour
 - Level 1.1 Dodging
 + Level 3.6 Invocations


You had 2 spell levels left.
You didn't know any spells.

Dungeon Overview and Level Annotations

Branches:
Dungeon (2/15)

Altars:

Annotations:
D:2 Terence


Innate Abilities, Weirdness & Mutations

You are under a permanent stasis effect.
You can dig through walls and to a lower floor.
Your four strong arms can wield two-handed weapons with a shield.
You have a pair of large antennae on your head (SInv).


Message History

You hit Terence but do no damage.
Terence is heavily wounded.
Terence closely misses you.
You hit Terence but do no damage.
Terence is heavily wounded.
Terence hits you with a falchion.
* * * LOW HITPOINT WARNING * * *
You hit Terence.
Terence is severely wounded.
Terence barely misses you. x2
You hit Terence.
Terence is almost dead.
Terence barely misses you.
You hit Terence but do no damage.
Terence is almost dead.
Terence closely misses you.
You hit Terence but do no damage.
Terence is almost dead.
Terence hits you with a falchion!
You die...

... ...... ... ......##
##....####
........###.........
...................
..#....#.#......# #.#
#...#.......(#### ..
##.....#.........#
.###....###.#..#.##..#
.##......##.#...@.# #
.##.........##..@..#
.#..........###..#....
.............#.......##
...........#.#.....#.#
#..........#.#.#>#.....
#..........#...#.###
... ..................
.. .#.........##...


You could see Terence.

Vanquished Creatures
  An ooze (D:2)
  A worm (D:2)
  2 bats (D:1)
  A giant cockroach (D:1)
  2 goblins
  A hobgoblin (D:1)
  A quokka (D:2)
  A giant newt (D:1)
  A kobold (D:1)
  2 rats
13 creatures vanquished.

Notes
Turn   | Place    | Note
--------------------------------------------------------------
     0 | Abyss:1  | Murumi the Formicid Abyssal Knight began the quest for the Orb.
     0 | Abyss:1  | Reached XP level 1. HP: 18/18 MP: 2/2
    63 | Abyss:1  | Noticed an iron imp
    64 | D:1      | Escaped the Abyss
   103 | D:1      | Reached skill level 1 in Dodging
   366 | D:1      | Reached XP level 2. HP: 24/24 MP: 4/4
   524 | D:1      | Reached * piety under Lugonu
   879 | D:2      | Found a faded altar to an unknown god.
  1097 | D:2      | Reached XP level 3. HP: 25/29 MP: 5/5
  1103 | D:2      | Noticed Terence
  1121 | D:2      | Slain by Terence

Vault maps used:
D:1:      dpeg_arrival_houses_and_road, minmay_misc_feat_rows
D:2:      ecumenical_altar_1, trog_three_pillars_becter, uniq_terence, uniq_iyjb
Abyss:1:  evilmike_abyss_exit_3, evilmike_abyss_exit_kraken

Skill      XL: |  1  2 |
---------------+-------+-----
Dodging        | 1 |  1.1
Invocations    | 3 |  3.6
Fighting       | |  3.2
Long Blades    | |  2.0
Armour         | |  2.1

Action                   || total
-------------------------++-------
Melee: Falchion          ||    57
Invok: Depart the Abyss  ||     1
  Use: Scroll            ||     5
  Eat: Chunk             ||     1
Armor: Leather armour    ||    10
Dodge: Dodged            ||    43
